 Dungeon Crawl Stone Soup version 0.29-a0-993-g4a18f31a58 (webtiles) character file.

Game seed: 15208014726335092299

15519 RevDB the Arsonist (level 12, -4/101 HPs)
             Began as a Pale Draconian Conjurer on Aug 2, 2022.
             Was an Elder of Sif Muna.
             Killed from afar by a rime drake (19 damage)
             ... with a flash freeze
             ... on level 3 of the Lair of Beasts.
             The game lasted 01:33:34 (13385 turns).

RevDB the Arsonist (Pale Draconian Conjurer)       Turns: 13385, Time: 01:33:34

Health: -4/101     AC: 17    Str: 11    XL:     12   Next: 1%
Magic:  11/19      EV: 13    Int: 29    God:    Sif Muna [****..]
Gold:   735        SH:  5    Dex:  9    Spells: 10/21 levels left

rFire   + . .      SeeInvis .   M - +2 quarterstaff (drain)
rCold   x . .      Faith    .   (shield currently unavailable)
rNeg    + . .      Spirit   .   (body armour unavailable)
rPois   .          Reflect  +   (helmet restricted)
rElec   .          Harm     .   L - +2 cloak
rCorr   .          Rampage  .   D - +2 pair of gloves
Will    .....                   J - +2 pair of boots
Stlth   ++........              b - amulet of reflection
HPRegen 0.26/turn               T - ring "Saryiz" {Fire rN+}
MPRegen 0.16/turn               V - +6 ring of intelligence

@: no status effects
A: breathe steam, AC +8, unfitting armour, cold-blooded, steam resistance
a: Breathe Steam, Renounce Religion, Channel Magic, Forget Spell, Divine
Exegesis


You were on level 3 of the Lair of Beasts.
You worshipped Sif Muna.
Sif Muna was greatly pleased with you.
You visited 3 branches of the dungeon, and saw 13 of its levels.
You also visited: Bailey.

You collected 735 gold pieces.

Inventory:

Hand Weapons
 r - a +2 whip of venom
 M - a +2 quarterstaff of draining (weapon)
Armour
 D - a +2 pair of gloves (worn)
 J - a +2 pair of boots (worn)
 L - a +2 cloak (worn)
Magical Staves
 d - a staff of death
 H - a staff of cold
Jewellery
 b - an amulet of reflection (around neck)
 l - a ring of fire
 q - a ring of ice
 y - an amulet of guardian spirit
 B - a +6 ring of dexterity
 O - a ring of magical power
 T - the ring "Saryiz" (left hand) {Fire rN+}
   (You found it on level 8 of the Dungeon)

   [ring of fire]

   It enhances your fire magic.
   rF:        It protects you from fire.
   rC:        It makes you vulnerable to cold.
   rN:        It protects you from negative energy.
 V - a +6 ring of intelligence (right hand)
 X - a +6 ring of strength
Wands
 s - a wand of flame (5)
 v - a wand of roots (15)
 w - a wand of digging (7)
 A - a wand of paralysis (4)
 Q - a wand of quicksilver (8)
 S - a wand of polymorph (17)
Scrolls
 c - 3 scrolls of enchant weapon
 i - 3 scrolls of poison
 k - a scroll of noise {unknown}
 m - 4 scrolls of enchant armour
 o - 2 scrolls of magic mapping
 u - a scroll of vulnerability {unknown}
 x - 5 scrolls of teleportation
 z - 3 scrolls of fear
 C - 2 scrolls of butterflies
 F - a scroll of immolation {unknown}
 U - 2 scrolls of torment
Potions
 a - 2 potions of magic
 e - 3 potions of resistance
 f - 2 potions of cancellation {unknown}
 g - a potion of might {unknown}
 h - 3 potions of heal wounds
 j - 2 potions of lignification {unknown}
 n - 7 potions of curing
 p - a potion of brilliance {unknown}
 t - a potion of experience {unknown}
 E - 4 potions of attraction
 G - a potion of haste {unknown}
 I - a potion of degeneration {unknown}
 K - a potion of flight
 P - a potion of mutation {unknown}
 R - 2 potions of invisibility {unknown}
Miscellaneous
 N - a condenser vane


   Skills:
 - Level 8.0 Fighting
 + Level 7.1 Staves
 - Level 5.0 Dodging
 - Level 1.7 Stealth
 - Level 5.0 Spellcasting
 - Level 9.0 Conjurations
 - Level 7.1 Translocations
 - Level 11.0 Fire Magic
 - Level 4.0 Invocations
 - Level 2.0 Evocations


You had 10 spell levels left.
You knew the following spells:

 Your Spells              Type           Power      Damage    Failure   Level
a - Magic Dart            Conj           100%       1d8       1%          1
b - Searing Ray           Conj           100%       2d8       1%          2
c - Sticky Flame          Conj/Fire      78%        2d9       1%          4
d - Iskenderun's Mystic   Conj/Tloc      52%        2d11      2%          4

Your spell library contained the following spells:

 Spells                   Type           Power      Damage    Failure   Level
 Static Discharge         Conj/Air       33%        3-8/arc   1%          2
 Dazzling Flash           Conj/Hex       66%        N/A       3%          3
 Freeze                   Ice            28%        1d5       6%          1
 Sting                    Tmut/Pois      28%        1d4       6%          1
 Ensorcelled Hibernation  Hex/Ice        14%        N/A       10%         2
 Passwall                 Tmut/Erth      5%         N/A       10%         2
 Poisonous Vapours        Pois/Air       14%        N/A       10%         2
 Fulminant Prism          Conj/Hex       16%        3d11      10%         4
 Hailstorm                Conj/Ice       33%        3d8       10%         4
 Frozen Ramparts          Ice            14%        1d9       19%         3
 Swiftness                Air            7%         N/A       19%         3
 Dispel Undead            Necr           7%         3d8       52%         4
 Olgreb's Toxic Radiance  Pois           7%         N/A       52%         4
 Conjure Ball Lightning   Conj/Air       16%        3x3d6     83%         6
 Discord                  Hex            3%         N/A       100%        8
 Disjunction              Tloc           24%        N/A       100%        8


Dungeon Overview and Level Annotations

Branches:
Dungeon (9/15)             Temple (1/1) D:4            Lair (3/5) D:9
 Shoals (0/4) Lair:3        Snake (0/4) Lair:2       Bailey (visited)
    Orc: D:9-12

Altars:
Ashenzari
Dithmenos
Elyvilon
Gozag
Hepliaklqana
Makhleb
Nemelex Xobeh
Okawaru
Ru
Sif Muna
Trog
Uskayaw
Vehumet
Xom
Zin

Shops:
D:9 *

Annotations:
Lair:3 1 runed translucent door, flotson's ghost, journeyman DsDe


Innate Abilities, Weirdness & Mutations

You can breathe blasts of scalding, opaque steam.
Your pale cyan-grey scales are hard. (AC +8)
You cannot fit into any form of body armour.
You are cold-blooded and may be slowed by cold attacks.
You are immune to the effects of steam.


Message History

The searing ray hits the blink frog.
The blink frog is moderately wounded.
The blink frog blinks!
Your Staves skill increases to level 7!
You have reached level 12!
You feel stronger.
Your scales feel tougher.
The searing ray hits the komodo dragon.
The komodo dragon is heavily wounded.
The searing ray hits the yak!
You kill the yak!
Sif Muna accepts your kill.
The searing ray hits the merfolk!
The merfolk is lightly wounded.
You finish channelling your searing ray.
The komodo dragon bites you!!
* * * LOW HITPOINT WARNING * * *
A merfolk siren comes into view. It is wielding a +0 trident.
Casting: Searing Ray (safe; 1% risk of failure)
Confirm with . or Enter, or press ? or * to list all spells.
Okay, then.
Casting: Searing Ray (safe; 1% risk of failure)
Confirm with . or Enter, or press ? or * to list all spells.
You erupt in a blast of force!
The mystic blast hits the merfolk.
The merfolk is lightly wounded.
The merfolk is knocked back by the mystic blast.
The mystic blast hits the rime drake!
The rime drake is severely wounded.
The rime drake is knocked back by the mystic blast.
The mystic blast hits the komodo dragon!
The komodo dragon is severely wounded.
The komodo dragon is knocked back by the mystic blast.
You hear a shout!
The merfolk siren chants a haunting song.
You are mesmerised by the merfolk siren!
You see here a yak corpse.
You are no longer entranced.
You hear the faint crackling of a very distant melting archway.
The rime drake breathes ice at you. The flash freeze hits you!!
You feel a painful chill!
You die...

k# #..## *,......,,,,** .##
##.F## *#.....,,,,,*
..######P.mP####.....,,,,**
..................#,***,,**
##.P.##..#.k......#,* **,,*
...........#.l....##* *,,*
#..................# **,**
+..................# *,,**
................@.## **,,,*
..................# *,*,,*
...........#......# ***,**
.###............<.# *,*
##W##..P.P#....††.#*****,*
#...##.............#,*,,,*
..!..##...............,,,*
..♣?.⌠#..#....##+...##*,,*
..?..##...#..+..,.....*,,*


You could see a merfolk, a komodo dragon, a blink frog and a rime drake
(catching breath).

Vanquished Creatures
  A boulder beetle (Lair:1)
  Amaemon (D:8)
  The ghost of Yogidamonk the Skirmisher, a novice MiHu of Okawaru (D:8)
  2 black mambas
  A gargoyle (Bailey)
  An orange demon (D:8)
  A rime drake (Lair:3)
  6 cane toads
  2 komodo dragons (Lair:2)
  A polar bear (Lair:1)
  Grinder (D:6)
  2 blink frogs (Lair:2)
  Sigmund (D:6)
  A wraith (D:9)
  3 wyverns
  A vampire (Bailey)
  Eustachio (D:6)
  12 yaks
  A steam dragon (D:8)
  7 nagas (Lair:2)
  3 wargs (D:9)
  4 water moccasins
  An acid dragon (D:9)
  3 ice beasts (D:8)
  4 sky beasts
  2 black bears (D:7)
  4 orc warriors
  2 ogres
  A kobold brigand (D:7)
  5 bullfrogs
  6 scorpions
  A gnoll sergeant (D:8)
  8 wights (D:8)
  2 hornet simulacra (D:8)
  11 killer bees (D:9)
  6 vampire bats (Bailey)
  3 electric eels (Lair:2)
  A howler monkey (D:8)
  6 wolf zombies (Bailey)
  8 hounds
  A jelly (D:7)
  5 orc priests
  A gnoll bouda (D:7)
  Terence (D:3)
  5 iguanas
  6 orc wizards
  A hell rat (Lair:2)
  A centaur simulacrum (D:8)
  2 killer bee simulacra (D:8)
  5 adders
  8 gnolls
  3 white imps
  4 worms
  2 dart slugs
  37 orcs
  4 bats
  6 endoplasms
  4 giant cockroaches
  10 goblins
  7 hobgoblins
  9 jackals
  12 kobolds
  2 quokkas
  5 ball pythons
  2 frilled lizards
  21 orc zombies (Bailey)
  10 rats
302 creatures vanquished.

Vanquished Creatures (others)
  6 fungi
  8 plants
14 creatures vanquished.

Grand Total: 316 creatures vanquished

Notes
Turn   | Place    | Note
-------+----------+-------------------------------------------
     0 | D:1      | RevDB the Draconian Conjurer began the quest for the Orb.
     0 | D:1      | Reached XP level 1. HP: 14/14 MP: 3/3
    95 | D:1      | Reached skill level 1 in Fighting
   152 | D:1      | Reached XP level 2. HP: 22/24 MP: 0/5
   399 | D:1      | Found a faded altar of an unknown god.
   537 | D:1      | Reached XP level 3. HP: 26/31 MP: 3/6
   540 | D:1      | Learned a level 2 spell: Searing Ray
  1128 | D:2      | Reached XP level 4. HP: 22/38 MP: 7/7
  1422 | D:2      | Reached skill level 5 in Conjurations
  1688 | D:3      | Noticed Terence
  1695 | D:3      | Killed Terence
  1768 | D:3      | Found a burning altar of Makhleb.
  2424 | D:4      | Noticed a sky beast
  2446 | D:4      | Killed a sky beast
  2447 | D:4      | Reached skill level 1 in Staves
  2447 | D:4      | Reached XP level 5. HP: 11/45 MP: 2/8
  2649 | D:4      | Found a shimmering blue altar of Sif Muna.
  2649 | D:4      | Found a shimmering altar of Xom.
  2654 | D:4      | Became a worshipper of Sif Muna the Loreminder
  3104 | D:4      | Found a staircase to the Ecumenical Temple.
  3113 | Temple   | Entered the Ecumenical Temple
  3143 | D:5      | Entered Level 5 of the Dungeon
  3168 | D:5      | Reached XP level 6. HP: 22/51 MP: 4/9
  3381 | D:5      | Found a hazy altar of Hepliaklqana.
  3434 | D:5      | Reached skill level 5 in Fighting
  3434 | D:5      | Your scales start taking on a pale cyan-grey colour.
  3434 | D:5      | Reached XP level 7. HP: 40/61 MP: 3/11
  3434 | D:5      | Gained mutation: You are immune to the effects of steam.
                  | [Pale Draconian growth]
  4004 | D:5      | Learned a level 4 spell: Sticky Flame
  4126 | D:6      | Noticed Grinder
  4137 | D:6      | Reached skill level 2 in Fire Magic
  4139 | D:6      | Killed Grinder
  4140 | D:6      | Reached skill level 4 in Fire Magic
  4140 | D:6      | Reached XP level 8. HP: 55/71 MP: 2/12
  4155 | D:6      | Noticed Eustachio
  4167 | D:6      | Killed Eustachio
  4168 | D:6      | Reached skill level 5 in Fire Magic
  4273 | D:6      | Reached * piety under Sif Muna
  4316 | D:6      | Reached skill level 6 in Fire Magic
  4622 | D:6      | Noticed Sigmund
  4629 | D:6      | Killed Sigmund
  4630 | D:6      | Reached skill level 7 in Fire Magic
  4852 | D:6      | Reached skill level 8 in Fire Magic
  5296 | D:7      | Found a bloodstained altar of Trog.
  5304 | D:7      | Reached skill level 9 in Fire Magic
  5304 | D:7      | Reached XP level 9. HP: 78/78 MP: 4/13
  5447 | D:7      | Found a broken altar of Ashenzari.
  5937 | D:7      | Reached skill level 1 in Invocations
  6099 | D:7      | Reached ** piety under Sif Muna
  6712 | D:8      | Found a flagged portal.
  6728 | Bailey   | Entered a bailey
  6886 | Bailey   | Reached skill level 10 in Fire Magic
  6948 | Bailey   | Learned a level 4 spell: Iskenderun's Mystic Blast
  7254 | Bailey   | Reached skill level 1 in Translocations
  7369 | Bailey   | Reached *** piety under Sif Muna
  7370 | Bailey   | Noticed a gargoyle
  7379 | Bailey   | Killed a gargoyle
  7577 | Bailey   | Reached XP level 10. HP: 41/86 MP: 8/16
  7894 | D:8      | You fall into a shaft and drop 1 floor!
  7996 | D:9      | Found a staircase to the Lair.
  8002 | D:9      | Reached skill level 5 in Translocations
  8955 | D:9      | Found Zin's Purification Station.
  8971 | D:9      | Found a glowing silver altar of Zin.
  9008 | D:9      | Reached skill level 1 in Evocations
  9074 | D:8      | Noticed an orange demon
  9075 | D:8      | Noticed Amaemon
  9099 | D:8      | Killed Amaemon
  9421 | D:8      | Reached skill level 5 in Spellcasting
  9564 | D:8      | Killed an orange demon
  9922 | D:8      | Noticed Yogidamonk's ghost (novice MiHu)
  9966 | D:8      | Found a runed translucent gate.
  9966 | D:8      | Found a runed translucent gate.
  9966 | D:8      | Found a runed translucent gate.
 10033 | D:8      | Reached **** piety under Sif Muna
 10065 | D:8      | Killed Yogidamonk's ghost
 10066 | D:8      | Reached XP level 11. HP: 45/92 MP: 0/18
 10148 | D:8      | Got the ring "Saryiz" {Fire rN+}
 10635 | Lair:1   | Entered Level 1 of the Lair of Beasts
 10727 | Lair:1   | Noticed a boulder beetle
 10742 | Lair:1   | Killed a boulder beetle
 10743 | Lair:1   | Reached skill level 11 in Fire Magic
 11124 | Lair:1   | Reached skill level 5 in Staves
 11884 | Lair:2   | Reached skill level 5 in Dodging
 12511 | Lair:2   | Found a staircase to the Snake Pit.
 13295 | Lair:3   | Noticed flotson's ghost (journeyman DsDe)
 13298 | Lair:3   | Found a runed translucent door.
 13364 | Lair:3   | Reached XP level 12. HP: 31/101 MP: 12/19
 13385 | Lair:3   | Killed from afar by a rime drake

Illustrated notes

Levels and vault maps discovered:
D:1:      saegor_arrival_simple_b, layout_loops_ring,
          nicolae_ecumenical_lake_church
D:2:      layout_basic
D:3:      layout_loops_ring, mainiacjoe_overflow_chevrons, uniq_terence
D:4:      layout_basic, gammafunk_temple_overflow_elements,
          minmay_temple_entry_poolview, chequers_garden, minivault_19
D:5:      layout_rooms, nicolae_overflow_hidden_temple, corexii_leaking_fountain
D:6:      layout_basic, uniq_eustachio, uniq_grinder, uniq_sigmund
D:7:      layout_loops_corners, trog_butcher_becter,
          nicolae_overflow_crystal_walls, st_stairs_11
D:8:      layout_cave_pools, enter_bailey_3, gammafunk_ghost_icy, uniq_amaemon
D:9:      layout_irregular_city, zin_purify, erik_lair_orcish_takeover
Temple:   eino_narrow_crystal_temple
Lair:1:   layout_regular_city
Lair:2:   layout_chaotic_city, minmay_snake_entry_guardpost_medium,
          serial_bayou_ford_a, hangedman_lair_generics_rect
Lair:3:   layout_chaotic_city, elwin_shoals_entry_stream,
          hellmonk_ghost_happy_afterlife, portal_ice_cave_rime

Skill      XL: |  1  2  3  4  5  6  7  8  9 10 11 |
---------------+----------------------------------+-----
Fighting       | 1 3 5 6 7 8 |  8.0
Conjurations   | 6 7 9 |  9.0
Staves         | 1 2 3 4 7 |  7.1
Spellcasting   | 3 4 5 |  5.0
Dodging        | 2 3 4 5 |  5.0
Fire Magic     | 4 9 10 11 | 11.0
Invocations    | 4 |  4.0
Translocations | 3 7 |  7.1
Evocations     | 2 |  2.0
Stealth        | |  1.7

Action                   |  1- 3 |  4- 6 |  7- 9 | 10-12 || total
-------------------------+-------+-------+-------+-------++-------
Melee: Whip              |    18 |    34 |       |       ||    52
       Unarmed           |     9 |       |       |       ||     9
       Tailslap          |     1 |     8 |    40 |    59 ||   108
       Dagger            |    26 |       |       |       ||    26
       Falchion          |    25 |       |       |       ||    25
       Quarterstaff      |       |    44 |   239 |   252 ||   535
       Staff             |       |       |     5 |       ||     5
 Cast: Magic Dart        |    35 |    55 |    53 |    15 ||   158
       Searing Ray       |     1 |     9 |    14 |    17 ||    41
       Sticky Flame      |       |       |    25 |    56 ||    81
       Iskenderun's Myst |       |       |     2 |     8 ||    10
Invok: Channel Magic     |       |       |       |     4 ||     4
 Abil: Breathe Steam     |       |       |     4 |     8 ||    12
Evoke: Wand              |       |       |       |     1 ||     1
  Use: Scroll            |       |       |     7 |     5 ||    12
       Potion            |       |       |     1 |     2 ||     3
 Stab: Sleeping          |     1 |       |       |     1 ||     2
Armor: Skin              |    28 |    30 |   122 |   143 ||   323
Dodge: Dodged            |    54 |    40 |   176 |   229 ||   499
Block: Other             |       |    12 |    83 |    94 ||   189
       Reflection        |       |       |       |     1 ||     1

Table legend: (Time is in decaauts)
 A = Elapsed time spent in this place.
 B = Non-inter-level travel time spent in this place.
 C = Inter-level travel time spent in this place.
 D = Time resting spent in this place.
 E = Time spent auto-exploring this place.
 F = Levels seen in this place.
 G = Mean time per level.
                   A        B        C        D        E       F      G
               +--------+--------+--------+--------+--------+-----+--------+
         Total |  13491 |  13261 |    230 |   3335 |   4073 |  14 |  963.6 |
       Dungeon |   9638 |   9434 |    204 |   1783 |   3385 |   9 | 1070.9 |
        Temple |      1 |      1 |      0 |      0 |      0 |   1 |    1.0 |
          Lair |   2757 |   2731 |     26 |    965 |    688 |   3 |  919.0 |
        Bailey |   1093 |   1093 |      0 |    587 |      0 |   1 | 1093.0 |
               +--------+--------+--------+--------+--------+-----+--------+

Top non-repeatable levels by time:
     D:7: 1950 daAuts
  Lair:1: 1743 daAuts
     D:9: 1534 daAuts
     D:6: 1147 daAuts
  Bailey: 1093 daAuts
     D:8: 954 daAuts
  Lair:2: 910 daAuts
     D:1: 881 daAuts
     D:5: 833 daAuts
     D:4: 824 daAuts
     D:2: 774 daAuts
     D:3: 738 daAuts
  Lair:3: 103 daAuts
  Temple: 1 daAuts
